Map: Ulrena

Players

Sabin - Winner!

  • Race: Zerg Zerg
  • League: Diamond

LilDicky

  • Race: Terran Terran
  • League: Diamond

VOD

http://www.twitch.tv/tumescentpie

Description

Time

  • Played on: Dec. 8, 2015, 11:36 a.m.
  • Length: 10:10
Show
View Real Time Build Order
Export as new Build Order

Sabin Zerg - Winner!

Build Orders: Hatch First, Roach Nydus 

Get SALT Encoding   

  12  0:01  Drone  
  13  0:12  Overlord  
  13  0:17  Drone  
  14  0:30  Drone  
  14  0:31  Drone  
  14  0:35  Drone  
  17  0:53  Hatchery  
  17  0:56  Drone  
  17  0:59  Drone  
  18  1:04  Extractor  
  17  1:16  Spawning Pool  
  16  1:19  Drone  
  17  1:26  Drone  
  17  1:28  Drone  
  19  1:39  Drone  
  20  2:04  Queen  
  20  2:08  Roach Warren, Drone, Queen  
  23  2:10  Drone  
  25  2:17  Drone x2  
  25  2:18  Drone  
  28  2:25  Overlord  
  28  2:48  Roach x3  
  34  2:52  Overlord  
  34  2:54  Drone  
  35  3:00  Drone  
  36  3:09  Queen x2  
  40  3:15  Ravager x2  
  40  3:17  Ravager  
  43  3:25  Overlord  
  43  3:28  Drone  
  44  3:35  Overlord  
  44  3:36  Overlord  
  44  3:45  Extractor  
  44  3:47  Extractor  
  42  3:49  Drone x5  
  47  4:05  Drone x6  
  47  4:06  Drone  
  51  4:28  Roach x4  
  51  4:29  Lair, Roach x2  
  63  4:38  Roach x2  
  61  4:47  Roach x4  
  65  4:55  Roach  
  59  5:08  Roach  
  59  5:10  Roach  
  59  5:19  Overlord  
  59  5:20  Overlord  
  59  5:21  Overlord  
  59  5:29  Queen  
  59  5:30  Nydus Network  
  60  5:37  Queen  
  60  5:38  Roach x2  
  60  5:39  Roach  
  68  6:02  Ravager x2  
  70  6:05  Queen  
  70  6:13  Queen  
  70  6:14  Nydus Canal  
  72  6:25  Roach  
  68  7:01  Hatchery  
  62  8:21  Spawning Pool  
  61  8:27  Spore Crawler, Queen  
  61  8:29  Spore Crawler  
  61  8:32  Extractor  
  60  9:06  Overlord x3  
  60  9:15  Extractor  
  41  9:51  Spore Crawler  
Show
View Real Time Build Order
Export as new Build Order

LilDicky Terran 

Build Orders: Liberator Opening 

Get SALT Encoding   

  12  0:01  SCV  
  13  0:14  SCV  
  14  0:20  Supply Depot  
  14  0:26  SCV  
  15  0:36  Refinery  
  15  0:42  SCV  
  16  0:45  Barracks  
  16  0:54  SCV  
  17  1:06  SCV  
  18  1:14  Refinery  
  18  1:23  SCV  
  19  1:32  Marine  
  20  1:34  Supply Depot  
  20  1:41  Orbital Command  
  20  1:42  Factory  
  20  2:00  Barracks Reactor, Supply Depot  
  20  2:07  SCV  
  21  2:23  SCV  
  21  2:29  Armory  
  22  2:30  Starport  
  22  2:35  SCV  
  22  2:36  Factory Tech Lab  
  23  2:44  Marine x2  
  23  2:47  SCV  
  26  2:59  SCV  
  26  3:02  Marine x2  
  29  3:11  SCV  
  30  3:16  Thor  
  36  3:23  SCV  
  36  3:26  Supply Depot  
  37  3:30  Medivac  
  39  3:47  SCV, Marine x2  
  42  3:57  Liberator  
  42  3:59  Supply Depot  
  42  4:00  SCV  
  43  4:16  SCV  
  47  4:21  Siege Tank  
  49  4:53  Liberator  
  46  5:20  SCV, Thor  
  53  5:26  Command Center, Supply Depot  
  53  5:27  Marine x2  
  55  5:46  Marine x2  
  51  5:51  SCV  
  52  6:39  Starport Tech Lab  
  42  7:17  Starport Tech Lab  
  40  7:27  Starport Tech Lab  
  39  7:35  Orbital Command  
  36  7:55  Banshee  
  36  7:56  Cloaking Field  
  20  8:53  Banshee  
  23  9:01  SCV  
  24  9:04  SCV  
  25  9:13  SCV  
  25  9:16  SCV  
  27  9:25  SCV  
  27  9:28  SCV  
  26  9:38  SCV  
  21  9:41  SCV  
  19  9:50  SCV  
  20  9:53  SCV  
  21  10:05  Refinery  
  21  10:06  Refinery  
Tags
 
Add a new tag
Caveats
  • Supply blocks, unpowered buildings, or Contaminate may cause inaccurate times.
  • Supply counts are checked every 10 seconds.